 Dungeon Crawl Stone Soup version 0.30-a0-1094-g860fb061e7 (webtiles) character file.

Game seed: 11678400169388514891

2382 holysushi the Slicer (level 9, -10/61 (63) HPs)
             Began as a Demonspawn Monk on Apr 18, 2023.
             Was a Priest of Okawaru.
             Mangled by a troll (15 damage)
             ... on level 6 of the Dungeon.
             The game lasted 00:16:41 (7618 turns).

holysushi the Slicer (Demonspawn Monk)              Turns: 7618, Time: 00:16:42

HP:   -10/61 (63)   AC:  3    Str: 14    XL:     9   Next: 22%
MP:   12/12         EV: 14    Int: 11    God:    Okawaru [***...]
Gold: 487           SH:  9    Dex: 21    Spells: 2/8 levels left

rFire   . . .      SeeInvis .    a - +1 short sword (venom)
rCold   + . .      Faith    +    A - +0 kite shield
rNeg    . . .      Spirit   .    p - +0 leather armour
rPois   .          Reflect  .    (helmet restricted)
rElec   .          Rampage  .    e - scarf "Coel Osy" {repulsion, rC+ Str+3}
rCorr   .                        (no gloves)
Will    .....                    (no boots)
Stlth   +++                      q - amulet of faith
HPRegen 0.30/turn                o - ring of wizardry
MPRegen 0.13/turn                k - ring of wizardry

@: lightly drained, repel missiles
A: antennae 2, ignite blood 2, sturdy frame 1, demonic magic 2, fangs 1,
MP-powered wands
a: Renounce Religion, Heroism


You were on level 6 of the Dungeon.
You worshipped Okawaru.
Okawaru was most pleased with you.
You visited 2 branches of the dungeon, and saw 7 of its levels.

You collected 487 gold pieces.

Inventory:

Hand Weapons
 a - a +1 short sword of venom (weapon)
Missiles
 m - 6 boomerangs
 s - 2 throwing nets (quivered)
Armour
 b - a +0 robe
 d - an orb of light
 e - the scarf "Coel Osy" (worn) {repulsion, rC+ Str+3}
   (You acquired it on level 2 of the Dungeon)

   Str:       It affects your strength (+3).
   rC:        It protects you from cold.
 h - a +0 helmet
 p - a +0 leather armour (worn)
 y - an orb of mayhem
 A - a +0 kite shield (worn)
Jewellery
 k - a ring of wizardry (right hand)
 o - a ring of wizardry (left hand)
 q - an amulet of faith (around neck)
Wands
 v - a wand of charming (9)
 B - a wand of digging (6)
 D - a wand of flame (16)
Scrolls
 f - a scroll of blinking {unknown}
 g - a scroll of noise
 n - a scroll of poison
 w - 4 scrolls of teleportation
 z - a scroll of magic mapping
Potions
 c - a potion of resistance {unknown}
 i - a potion of flight {unknown}
 j - a potion of mutation
 l - a potion of lignification
 r - a potion of invisibility
 t - a potion of berserk rage
 u - a potion of attraction
 x - 2 potions of curing
 C - a potion of heal wounds


   Skills:
 - Level 3.0 Fighting
 + Level 8.2 Short Blades
 + Level 5.7 Dodging
 - Level 3.0 Stealth
 + Level 2.2 Shields
 - Level 4.0 Hexes
 - Level 4.0 Invocations
 - Level 2.0 Evocations


You had 2 spell levels left.
You knew the following spells:

 Your Spells              Type           Power      Damage    Failure   Level
a - Tukima's Dance        Hex            8%         N/A       17%         3
b - Portal Projectile     Hex/Tloc       8%         N/A       36%         3

Your spell library contained the following spells:

 Spells                   Type           Power      Damage    Failure   Level
 Frozen Ramparts          Ice            0%         1d1       63%         3
 Ozocubu's Armour         Ice            0%         N/A       63%         3
 Ice Form                 Ice/Tmut       0%         N/A       94%         4
 Petrify                  Tmut/Erth      0%         N/A       94%         4
 Metabolic Englaciation   Hex/Ice        2%         N/A       96%         5
 Blade Hands              Tmut           0%         N/A       99%         5
 Statue Form              Tmut/Erth      0%         N/A       100%        6
 Ozocubu's Refrigeration  Ice            0%         4d7       100%        7
 Summon Ice Beast         Ice/Summ       Unusable   N/A       N/A         4

Dungeon Overview and Level Annotations

Branches:
Dungeon (6/15) Zot: 25183  Temple (1/1) D:5 Zot: 5826

Altars:
Ashenzari
Cheibriados
Dithmenos
Fedhas
Gozag
Hepliaklqana
Kikubaaqudgha
Makhleb
Nemelex Xobeh
Okawaru
Qazlal
Ru
Sif Muna
Trog
Uskayaw
Vehumet
Wu Jian
Xom

Annotations:
D:4 2 transporters, SingularityParadox's ghost, weakling AtFi


Innate Abilities, Weirdness & Mutations

You have a pair of antennae on your head.
Your demonic aura often causes spilled blood to erupt in flames.
Your movements are slightly less encumbered by armour. (ER -2)
Spells you cast may paralyse nearby enemies.
You have very sharp teeth.
You expend magic power (3 MP) to strengthen your wands.


Message History

HP restored.
You start waiting.
Done waiting.
You open the door.
A two-headed ogre and a troll come into view.
Found five items.
You gain the combat prowess of a mighty hero.
Found a book of Unlife.
The two-headed ogre shouts in stereo!
The troll shouts!
There is an open door here.
You barely miss the troll. The two-headed ogre closely misses you.
The two-headed ogre misses you. You block the troll's attack.
The troll claws you! x2
The troll attacks as you move away! You block the troll's attack.
The troll claws you. The troll misses you.
You swing at nothing.
You swing at nothing.
Okay, then.
You feel like a meek peon again.
You start resting.
A troll is nearby!
You swing at nothing.
You swing at nothing.
You closely miss the troll. You block the troll's attack.
The troll claws you. x2
You closely miss the troll. You barely miss the troll. The troll bites you!
The troll claws you! You block the troll's attack.
You hit the troll.
The troll is lightly wounded.
The troll is engulfed in blazing flames.
The troll bites you but does no damage. The troll claws you.
You block the troll's attack.
You hit the troll but do no damage. You bite the troll, but do no damage.
The troll is moderately wounded.
The troll is engulfed in blazing flames.
The troll bites you!
* * * LOW HITPOINT WARNING * * *
The troll closely misses you. You block the troll's attack.
The troll attacks as you move away! The troll bites you!
You die...

#.....#÷....#)....#$[[#.##.#..
#..T..#.....#.....#.=.#.##.#..
#..#..#..#..#..#..#:O{#.......
#..#..#..#..#..#..###'####..##
#..#.....#.....#......# ##.#
#..#.....#..{..#..(...# #.#
#..###################### #.#
#............°..........###.#
#...........T@......).....#.#
#..####################.#.#.#
#..#.....#.....#......#.#...#
#..#...).#.....#......#####.#
#..#..#..#..#..#..###'#.#...#
#..#..#).#..#..#..#.)†#.#.####
#.....#.....#.....#.8)#...##)[
#.....#.....#.....#...##...).#
##############################


You could see a troll.

Vanquished Creatures
  Prince Ribbit (D:5)
  2 orc warriors (D:6)
  3 ice beasts
  3 black bears (D:6)
  An ogre (D:5)
  A phantom (D:5)
  2 kobold brigands
  A gnoll sergeant (D:6)
  A scorpion (D:6)
  A wight (D:6)
  A howler monkey (D:6)
  2 jellies
  An orc priest (D:4)
  6 hounds
  A sleepcap (D:6)
  3 iguanas
  2 orc wizards (D:4)
  Robin (D:2)
  7 gnolls
  13 adders
  A white imp (D:6)
  2 ufetubi
  2 worms
  3 dart slugs
  19 orcs
  10 endoplasms
  A giant cockroach (D:1)
  12 goblins
  7 hobgoblins
  11 jackals
  11 kobolds
  A quokka (D:4)
  6 ball pythons
  4 bats
  7 frilled lizards
  8 rats
158 creatures vanquished.

Vanquished Creatures (collateral kills)
  Sigmund (D:3)
  An orc priest (D:5)
  An orc (D:5)
3 creatures vanquished.

Vanquished Creatures (others)
  A dancing weapon (D:5)
  A fungus (D:1)
  5 plants (D:3)
  3 toadstools (D:1)
10 creatures vanquished.

Grand Total: 171 creatures vanquished

Notes
Turn   | Place    | Note
-------+----------+-------------------------------------------
     0 | D:1      | holysushi the Demonspawn Monk began the quest for the Orb.
     0 | D:1      | Reached XP level 1. HP: 18/18 MP: 1/1
    52 | D:1      | Reached skill level 3 in Short Blades
    77 | D:1      | Gained mutation: Your demonic aura sometimes causes spilled
                  | blood to erupt in flames. [demonic ancestry]
    77 | D:1      | Reached XP level 2. HP: 15/24 MP: 2/2
   447 | D:1      | Gained mutation: Your movements are slightly less
                  | encumbered by armour. (ER -2) [demonic ancestry]
   447 | D:1      | Reached XP level 3. HP: 26/29 MP: 3/3
   976 | D:2      | Noticed Robin
   979 | D:2      | Reached skill level 4 in Short Blades
  1027 | D:2      | Killed Robin
  1248 | D:2      | Gained mutation: You have a pair of small antennae on your
                  | head. [demonic ancestry]
  1248 | D:2      | Reached XP level 4. HP: 34/35 MP: 4/4
  1656 | D:2      | Reached skill level 5 in Short Blades
  1888 | D:2      | Identified a scroll of acquirement
  1888 | D:2      | Acquired the scarf "Coel Osy" {repulsion, rC+ Str+3}
  2057 | D:3      | Noticed Sigmund
  2174 | D:3      | Gained mutation: You have very sharp teeth. [potion of
                  | mutation]
  2174 | D:3      | Gained mutation: You expend magic power (3 MP) to
                  | strengthen your wands. [potion of mutation]
  2514 | D:3      | Gained mutation: Spells you cast may paralyse adjacent
                  | enemies. [demonic ancestry]
  2514 | D:3      | Reached XP level 5. HP: 25/41 MP: 5/5
  2588 | D:3      | Learned a level 3 spell: Tukima's Dance
  2709 | D:3      | Killed Sigmund
  2710 | D:3      | Gained mutation: You have a pair of antennae on your head.
                  | [demonic ancestry]
  2710 | D:3      | Reached XP level 6. HP: 41/47 MP: 3/6
  2893 | D:4      | Reached skill level 6 in Short Blades
  3960 | D:4      | Found a transporter.
  3960 | D:4      | Noticed SingularityParadox's ghost (weakling AtFi)
  3962 | D:4      | Found a transporter.
  4029 | D:5      | Entered Level 5 of the Dungeon
  4045 | D:5      | Reached XP level 7. HP: 43/52 MP: 7/7
  4179 | D:5      | Found a stormy altar of Qazlal.
  4220 | D:5      | Noticed Prince Ribbit
  4232 | D:5      | Killed Prince Ribbit
  4233 | D:5      | Reached skill level 1 in Evocations
  4711 | D:5      | Found a staircase to the Ecumenical Temple.
  5076 | D:5      | Reached skill level 7 in Short Blades
  5076 | D:5      | Gained mutation: Your demonic aura often causes spilled
                  | blood to erupt in flames. [demonic ancestry]
  5076 | D:5      | Reached XP level 8. HP: 51/58 MP: 2/8
  5228 | D:5      | Reached skill level 1 in Stealth
  5249 | Temple   | Entered the Ecumenical Temple
  5401 | Temple   | Became a worshipper of Warmaster Okawaru
  5401 | Temple   | Reached * piety under Okawaru
  5401 | Temple   | Reached ** piety under Okawaru
  5613 | D:5      | Reached skill level 1 in Invocations
  6274 | D:6      | Learned a level 3 spell: Portal Projectile
  6378 | D:6      | Reached skill level 5 in Dodging
  6437 | D:5      | Found a burning altar of Makhleb.
  7063 | D:6      | Reached *** piety under Okawaru
  7064 | D:6      | Reached skill level 1 in Shields
  7064 | D:6      | Gained mutation: Spells you cast may paralyse nearby
                  | enemies. [demonic ancestry]
  7064 | D:6      | Reached XP level 9. HP: 60/63 MP: 10/12
  7103 | D:6      | Reached skill level 8 in Short Blades
  7565 | D:6      | Noticed a two-headed ogre
  7565 | D:6      | Noticed a troll
  7618 | D:6      | Mangled by a troll

Illustrated notes

Levels and vault maps discovered:
D:1:      tarquinn_simple_flora_water_f, layout_rooms, minmay_gold_behind_fungi,
          minmay_quantized
D:2:      layout_loops_ring, uniq_robin
D:3:      layout_loops_ring, kennysheep_doodads, kennysheep_path_1,
          minmay_misc_feat_secret_circle, serial_bayou_crossing, uniq_sigmund
D:4:      layout_loops_ring, gammafunk_ghost_smash, grunt_ministairs_11
D:5:      layout_basic, nicolae_overflow_hidden_temple,
          minmay_temple_entry_statues_fountains, uniq_prince_ribbit1
D:6:      kennysheep_windowed_halls, layout_loops_cross
Temple:   hellmonk_temple_of_storms

Skill      XL: |  1  2  3  4  5  6  7  8  9 |
---------------+----------------------------+-----
Short Blades   | 3 4 5 6 7 8 |  8.2
Hexes          | 2 3 4 |  4.0
Dodging        | 4 5 |  5.7
Evocations     | 2 |  2.0
Stealth        | 3 |  3.0
Invocations    | 4 |  4.0
Shields        | 1 2 |  2.2
Fighting       | |  3.0

Action                     |  1- 3 |  4- 6 |  7- 9 || total
---------------------------+-------+-------+-------++-------
  Melee: Short sword       |   157 |   247 |   284 ||   688
         Bite              |       |    29 |    47 ||    76
   Cast: Tukima's Dance    |       |     2 |    11 ||    13
         Portal Projectile |       |       |     1 ||     1
 Invoke: Heroism           |       |       |     1 ||     1
    Use: Potion            |     1 |     5 |     4 ||    10
         Scroll            |       |     8 |     2 ||    10
   Stab: Paralysed         |       |     1 |     8 ||     9
         Sleeping          |       |     1 |     1 ||     2
 Armour: Robe              |    12 |       |       ||    12
         Leather armour    |    16 |    45 |    36 ||    97
         Skin              |       |    56 |       ||    56
  Dodge: Dodged            |    84 |   174 |   156 ||   414
         Repelled          |       |     2 |     1 ||     3
  Block: Kite shield       |       |       |    40 ||    40

Table legend: (Time is in decaauts)
 A = Elapsed time spent in this place.
 B = Non-inter-level travel time spent in this place.
 C = Inter-level travel time spent in this place.
 D = Time resting spent in this place.
 E = Time spent auto-exploring this place.
 F = Levels seen in this place.
 G = Mean time per level.
                   A        B        C        D        E       F      G
               +--------+--------+--------+--------+--------+-----+--------+
         Total |   7453 |   7072 |    381 |   1751 |   3361 |   7 | 1064.7 |
       Dungeon |   7279 |   6899 |    380 |   1751 |   3346 |   6 | 1213.2 |
        Temple |    173 |    173 |      0 |      0 |     15 |   1 |  173.0 |
               +--------+--------+--------+--------+--------+-----+--------+

Top non-repeatable levels by time:
     D:6: 1633 daAuts
     D:5: 1509 daAuts
     D:4: 1322 daAuts
     D:2: 1150 daAuts
     D:1: 871 daAuts
     D:3: 790 daAuts
  Temple: 173 daAuts
